 Dungeon Crawl Stone Soup version 0.14-a0-629-g748cab2 (webtiles) character file.

223 Malachi the Insei (level 4, -1/35 HPs)
             Began as a Draconian Transmuter on Nov 5, 2013.
             Killed by divine providence
             ... invoked by an orc priest
              (15 damage)
             ... on Level 3 of the Dungeon.
             The game lasted 00:04:34 (2305 turns).

Malachi the Insei (Draconian Transmuter)            Turns: 2305, Time: 00:04:34

HP  -1/35        AC  5     Str 12      XL: 4   Next:  7%
MP   6/6         EV 16     Int 14      God:
Gold 151         SH  0     Dex 12      Spells:  3 memorised,  1 level left

Res.Fire  : . . .   See Invis. : .     - Unarmed
Res.Cold  : . . .   Warding    : .   (armour unavailable)
Life Prot.: . . .   Conserve   : .   (no shield)
Res.Poison: .       Res.Corr.  : .   (helmet restricted)
Res.Elec. : .       Clarity    : .   (no cloak)
Sust.Abil.: + .     Spirit.Shd : .   (no gloves)
Res.Mut.  : .       Stasis     : .   (no boots)
Res.Rott. : .       Flight     : .   (no amulet)
Saprovore : . . .                    x - +4 ring of evasion
                                     m - ring of sustain abilities

@: appendage (expiring), slightly resistant to hostile enchantments, unstealthy
A: unfitting armour, horns 2, AC +5
a: End Transformation


You were on level 3 of the Dungeon.
You were not hungry.
You had grown temporary horns.
You visited 1 branch of the dungeon, and saw 3 of its levels.

You collected 151 gold pieces.

Inventory:

Hand weapons
 f - a -1 orcish blowgun
Missiles
 b - 12 arrows
 s - 8 poisoned needles
Comestibles
 a - a bread ration
 n - an apple
 u - a sausage
 z - a meat ration
 B - 2 chunks of quokka flesh
Scrolls
 e - a scroll of identify
 i - a scroll of blinking
 l - 2 scrolls of remove curse
 o - a scroll of magic mapping {unknown}
 p - a scroll of fear {unknown}
 r - a scroll of fog {unknown}
 t - a scroll of noise {unknown}
 v - a scroll of teleportation {unknown}
Jewellery
 g - an uncursed ring of fire
 m - a ring of sustain abilities (left hand)
 w - an uncursed amulet of faith
 x - a +4 ring of evasion (right hand)
Potions
 c - a potion of mutation {unknown}
 h - a potion of heal wounds {unknown}
 j - a potion of curing
 k - a potion of restore abilities
 q - a potion of speed {unknown}
Books
 d - a book of Changes

   Spells                             Type                      Level
   *Beastly Appendage                 Transmutation                1
   *Sticks to Snakes                  Transmutation                2
   *Spider Form                       Transmutation/Poison         3
   Ice Form                           Ice/Transmutation            4
   Blade Hands                        Transmutation                5


   Skills:
 + Level 1.7 Fighting
 + Level 2.3 Dodging
 * Level 4.3 Unarmed Combat
 - Level 2.0 Spellcasting
 * Level 2.2 Transmutations


You had one spell level left.
You knew the following spells:

 Your Spells              Type           Power        Failure   Level  Hunger
a - Beastly Appendage     Trmt           #.....       12%         1    ##.....
b - Sticks to Snakes      Trmt           #.........   17%         2    ###....
c - Spider Form           Trmt/Pois      #.........   47%         3    ####...


Dungeon Overview and Level Annotations

Branches:
Dungeon (3/27)

Altars:


Innate Abilities, Weirdness & Mutations

Your plain brown scales are hard (AC +5).*
Your body does not fit into most forms of armour.
Your cold-blooded metabolism reacts poorly to cold.
You have a pair of horns on your head.*


Message History

You hear the sound of rushing water.
There is an entrance to a sewer on this level.
Hurry and find it before the portal rusts away!
You hear the slow rusting of a drain, a long way away.
There is a stone staircase leading up here.
You start resting.
An orc priest is nearby!
There is a stone staircase leading down here.
The orc priest calls down the wrath of Beogh upon you.
Something smites you!
The orc priest invokes the aid of Beogh against you.
Pain shoots through your body!
You hit the orc priest.
The orc priest is moderately wounded.
The orc priest becomes somewhat translucent.
You hit the orc priest.
Your tail-slap misses the orc priest.
The orc priest is heavily wounded.
Your transformation is almost over.
The orc priest calls down the wrath of Beogh upon you.
Something smites you!
You die...

#......>.....#.###.#
#.#######...##...
#.# ##.###..... #.#
#.# #####..# #.###
##.## . #...#
#...### ###.#
#.....#
#.#####...#.####.
#....<>.@........
#.######.o........
#.# #.........
#.######.##...###
#...........#≈#
#.##.....)..# #
#..##.###.#..#
#.###.# #.#..# #.
#.# #....#


You could see an orc priest.

Vanquished Creatures
  2 adders
  6 orcs (D:3)
  A ball python (D:2)
  3 giant cockroaches
  5 hobgoblins
  2 jackals (D:3)
  4 quokkas
  2 bats (D:2)
  2 giant newts (D:2)
  5 goblins
  9 kobolds
  4 rats
45 creatures vanquished.

Notes
Turn   | Place    | Note
--------------------------------------------------------------
     0 | D:1      | Malachi, the Draconian Transmuter, began the quest for the Orb.
     0 | D:1      | Reached XP level 1. HP: 16/16 MP: 1/1
     2 | D:1      | Noticed a tengu
     2 | D:1      | Noticed a demigod
     4 | D:1      | Noticed a centaur
     6 | D:1      | Noticed a naga
     6 | D:1      | Noticed an octopode
     8 | D:1      | Noticed a demonspawn
     8 | D:1      | Noticed a spriggan
    10 | D:1      | Noticed a ghoul
    10 | D:1      | Noticed an ogre
    12 | D:1      | Noticed a felid
    12 | D:1      | Noticed a vampire
    14 | D:1      | Noticed a human
    16 | D:1      | Noticed a minotaur
    18 | D:1      | Noticed an elf
    20 | D:1      | Noticed a draconian
    20 | D:1      | Noticed a dwarf
    22 | D:1      | Noticed a troll
    22 | D:1      | Noticed a merfolk
   633 | D:1      | Reached XP level 2. HP: 23/23 MP: 3/3
   970 | D:2      | Learned a level 2 spell: Sticks to Snakes
  1397 | D:2      | Reached XP level 3. HP: 23/28 MP: 4/4
  1438 | D:2      | Learned a level 3 spell: Spider Form
  1764 | D:3      | Reached skill level 4 in Unarmed Combat
  2112 | D:2      | Reached XP level 4. HP: 11/35 MP: 0/6
  2305 | D:3      | Killed from afar by an orc priest

Action                   |  1- 3 |  4- 6 || total
-------------------------+-------+-------++-------
Melee: Unarmed           |   162 |    11 ||   173
 Cast: Beastly Appendage |     6 |     1 ||     7
  Use: Scroll            |     2 |       ||     2
       Potion            |     1 |     1 ||     2
